Map: 2000 Atmospheres LE

Players

Spanmeister

  • Race: Terran Terran

Maru - Winner!

  • Race: Terran Terran
  • League: Master

Event: DreamHack SC2 Masters Last Chance 2022

VOD

Have the link to the VOD?

Description

Time

  • Played on: Dec. 15, 2021, 4:04 a.m.
  • Length: 4:40

All games in this series

Show
View Real Time Build Order
Export as new Build Order

Spanmeister Terran 

Build Orders: Reaper Expand 

Get SALT Encoding   

  12  0:00  SCV  
  13  0:13  SCV  
  14  0:17  Supply Depot  
  14  0:25  SCV  
  15  0:39  SCV  
  15  0:41  Barracks  
  16  0:44  Refinery  
  16  0:51  SCV  
  17  1:03  SCV  
  18  1:15  SCV  
  19  1:28  Reaper  
  19  1:29  Orbital Command  
  20  1:45  Command Center  
  20  1:52  Supply Depot  
  20  1:56  SCV  
  21  2:03  Marine  
  22  2:09  SCV  
  22  2:11  Bunker  
  23  2:21  SCV  
  23  2:22  Factory  
  24  2:30  Marine  
  24  2:33  SCV  
  24  2:34  Refinery  
  26  2:46  SCV  
  27  2:52  Supply Depot  
  27  2:58  SCV  
  27  2:59  Orbital Command  
  30  3:07  Starport  
  30  3:08  Factory Tech Lab  
  30  3:10  SCV  
  30  3:12  Marine  
  29  3:17  Orbital Command  
  30  3:22  SCV  
  31  3:28  Siege Tank  
  34  3:34  SCV  
  34  3:36  Barracks Reactor  
  35  3:43  SCV  
  35  3:46  Viking  
  35  3:47  SCV  
  39  3:55  SCV  
  39  3:59  SCV  
  41  4:03  Refinery  
  41  4:06  Supply Depot, Siege Tank  
  41  4:07  SCV  
  45  4:12  SCV  
  46  4:20  SCV  
  44  4:24  SCV  
Show
View Real Time Build Order
Export as new Build Order

Maru Terran - Winner!

Build Orders:  

Get SALT Encoding   

  12  0:01  SCV  
  13  0:13  SCV  
  14  0:17  Supply Depot  
  14  0:25  SCV  
  15  0:38  SCV  
  15  0:40  Barracks  
  16  0:43  Refinery  
  16  0:50  SCV  
  16  0:53  Refinery  
  17  1:03  SCV  
  18  1:15  SCV  
  19  1:27  Reaper, Orbital Command  
  19  1:28  Supply Depot  
  20  1:42  Factory  
  20  1:53  SCV  
  21  1:59  Barracks Reactor  
  21  2:05  SCV  
  22  2:17  SCV  
  23  2:25  Command Center  
  23  2:31  SCV  
  23  2:35  Starport  
  24  2:40  Hellion  
  24  2:42  Reaper  
  28  2:44  Reaper  
  28  2:47  SCV  
  29  2:53  Supply Depot  
  29  3:03  Hellion  
  31  3:15  SCV, Reaper  
  31  3:16  Reaper  
  31  3:19  Medivac  
  36  3:24  Hellion  
  38  3:27  SCV  
  39  3:35  Refinery  
  39  3:36  Orbital Command  
  39  3:39  SCV  
  40  3:46  Factory Tech Lab  
  40  3:47  Marine  
  40  3:48  Marine  
  42  3:50  Starport Tech Lab  
  42  3:52  SCV  
  42  3:55  Supply Depot  
  43  4:02  SCV  
  44  4:05  Marine  
  44  4:06  Cyclone, Marine  
  49  4:11  SCV  
  48  4:20  SCV  
  48  4:23  SCV  

Tags
 
Add a new tag
Caveats
  • Supply blocks, unpowered buildings, or Contaminate may cause inaccurate times.
  • Supply counts are checked every 10 seconds.